 Dungeon Crawl Stone Soup version 0.19-a0-593-gf2cdb02 (webtiles) character file.

69 Ijustatesigmund the Skirmisher (level 4, -3/37 HPs)
             Began as a Merfolk Fighter on June 10, 2016.
             Slain by a gnoll (6 damage)
             ... on level 2 of the Dungeon.
             The game lasted 00:04:07 (1430 turns).

Ijustatesigmund the Skirmisher (Merfolk Fighter)    Turns: 1430, Time: 00:04:08

Health: -3/37      AC:  5    Str: 15 (16) XL:     4   Next: 20%
Magic:  4/4        EV: 10    Int:  6 (7)  God:
Gold:   39         SH:  9    Dex: 14      Spells: 0 memorised, 3 levels left

rFire  . . .     SeeInvis .     a - +1 trident
rCold  . . .     Gourm    .     n - +2 leather armour {rPois}
rNeg   . . .     Faith    .     c - +0 shield
rPois  +         Spirit   .     (no helmet)
rElec  .         Dismiss  .     (no cloak)
rCorr  .         Reflect  .     (no gloves)
SustAt +         Harm     .     (no boots)
MR     +....                    (no amulet)
Stlth  +.........               m - ring of protection from magic (curse)
                                h - ring of sustain attributes

@: somewhat resistant to hostile enchantments, very unstealthy
A: change form in water, swift swim
a: no special abilities


You were on level 2 of the Dungeon.
You were hungry.

You visited 1 branch of the dungeon, and saw 3 of its levels.

You collected 39 gold pieces.

Inventory:

Hand Weapons
 a - a +1 trident (weapon)
Armour
 c - a +0 shield (worn)
 n - a +2 leather armour of poison resistance (worn)
Jewellery
 h - a ring of sustain attributes (left hand)
 m - a cursed ring of protection from magic (right hand)
Potions
 e - a potion of brilliance
 g - a potion of cure mutation
 i - a potion of cancellation {unknown}
Comestibles
 f - 2 bread rations
 j - 4 fruits
 k - a slice of pizza


   Skills:
 + Level 4.1 Fighting
 + Level 4.0 Polearms
 - Level 2.1 Armour
 + Level 3.1 Dodging
 - Level 3.0 Shields


You had 3 spell levels left.
You didn't know any spells.

Dungeon Overview and Level Annotations

Branches:
Dungeon (3/15)

Altars:
Okawaru


Message History

The gnoll is heavily wounded.
You block the gnoll's attack. x2
You closely miss the gnoll.
The gnoll is heavily wounded.
You block the gnoll's attack. x2; The gnoll barely misses you.
Your shield prevents you from hitting the gnoll.
The gnoll is heavily wounded.
The gnoll closely misses you. You block the gnoll's attack.
You closely miss the gnoll.
The gnoll is heavily wounded.
The gnoll hits you with a whip of freezing!
* * * LOW HITPOINT WARNING * * *
The gnoll freezes you.
* * * LOW HITPOINT WARNING * * *
You block the gnoll's attack.
It was a potion of degeneration.
There was something very wrong with that liquid.
You feel somewhat weakened.
You feel somewhat dopey.
You feel clumsy for a moment. The gnoll misses you. The gnoll hits you.
You die...

...####.....#.....## ###........
..####.............## ####...#.#.
#...................# #....#.#...
#...................# #####....##
#...................# #≈≈≈##.....
#...................###♣.≈####...
#.....†...............##.≈≈###...
#....#..........g..##..#...'.....
#....##.....#..g@.##########.#...
#.################# #......#...
#.# #......#... ..# #......#...
.## #......#.## .# #......#.# .#
#......#.# .# #......#.##
.############ ######.....


You could see 2 gnolls.

Vanquished Creatures
  Ijyb (D:3)
  An adder (D:3)
  A worm (D:2)
  2 dart slugs (D:1)
  An orc (D:3)
  3 giant cockroaches
  5 goblins
  A hobgoblin (D:1)
  A quokka (D:2)
  A ball python (D:3)
  2 bats
  A giant newt (D:2)
  A kobold (D:3)
  9 rats
30 creatures vanquished.

Notes
Turn   | Place    | Note
--------------------------------------------------------------
     0 | D:1      | Ijustatesigmund the Merfolk Fighter began the quest for the Orb.
     0 | D:1      | Reached XP level 1. HP: 18/18 MP: 1/1
   132 | D:1      | Reached skill level 1 in Dodging
   132 | D:1      | Reached XP level 2. HP: 24/24 MP: 2/2
   154 | D:1      | Found an iron altar of Okawaru.
   997 | D:2      | Reached XP level 3. HP: 27/30 MP: 3/3
  1265 | D:3      | Noticed Ijyb
  1275 | D:3      | Killed Ijyb
  1303 | D:3      | Reached XP level 4. HP: 37/37 MP: 4/4
  1430 | D:2      | Slain by a gnoll

Vault maps used:
D:1:      wheals_arrival_linesprint, okawaru_ov_weapons_minmay
D:2:      kennysheep_nondescript
D:3:      grunt_temple_overflow_open, minivault_5, minmay_gold_behind_fungi,
          uniq_iyjb, uniq_natasha

Skill      XL: |  1  2  3  4 |
---------------+-------------+-----
Dodging        | 1 2 3 |  3.1
Fighting       | 4 |  4.1
Polearms       | 4 |  4.0
Armour         | |  2.1
Shields        | |  3.0

Action                   |  1- 3 |  4- 6 || total
-------------------------+-------+-------++-------
Melee: Trident           |    88 |    18 ||   106
  Use: Scroll            |     7 |     1 ||     8
       Potion            |     1 |     1 ||     2
 Stab: Distracted        |     1 |       ||     1
  Eat: Chunk             |     1 |       ||     1
Armor: Scale mail        |    14 |       ||    14
       Leather armour    |     1 |     3 ||     4
Dodge: Dodged            |    13 |     9 ||    22
Block: Shield            |    33 |    11 ||    44
